AoeStats
← Infadel

Arabia

510591832Analyzed
1v1 RM · 17h ago on Oct 1, 2026· 40m 0s· 2 players
Game mode
Random Map
Map size
Tiny (2 player)
Population
200
Speed
Normal
Resources
Standard
Victory
Conquest
Starting age
Dark Age
Ending age
Imperial Age
RankedLock teamsTeams togetherTeam positionsShared explorationLock speedFull tech treeHidden civsTurbo modeCheats
Victory
Defeat
🇮🇳 Magyars · India
1121
+15
🇬🇧 Mongols · United Kingdom
1098
-15
elioka06
6:38 Loom
8:25 Feudal Age
9:46 Double-Bit Axe
15:39 Scale Barding Armor
16:58 Forging
23:26 Bloodlines
27:17 Castle Age
28:14 Wheelbarrow
27:35 Light Cavalry
28:16 Husbandry
29:27 Chain Barding Armor
29:16 Fletching
35:49 Bodkin Arrow
36:30 Horse Collar
Infadel
9:36 Feudal Age
7:51 Loom
11:03 Double-Bit Axe
16:47 Scale Barding Armor
22:10 Castle Age
20:18 Fletching
21:34 Bloodlines
21:22 Gold Mining
22:14 Padded Archer Armor
25:38 Bow Saw
27:15 Bodkin Arrow
27:59 Leather Archer Armor
29:43 Ballistics
29:39 Thumb Ring
35:34 Wheelbarrow
34:44 Town Watch
35:47 Gold Shaft Mining
35:03 Stone Mining
42:08 Imperial Age
39:54 Hand Cart
Connection lost

Rejoining the realm…

Still unreachable

The connection could not be restored.

Session expired

The server has moved on; the page needs a fresh start.